AoeStats
← Governor1234

Glade

510442435Analyzed
1v1 RM · 1d ago on Oct 1, 2026· 29m 36s· 2 players
Game mode
Random Map
Map size
Tiny (2 player)
Population
200
Speed
Normal
Resources
Standard
Victory
Conquest
Starting age
Dark Age
Ending age
Imperial Age
RankedLock teamsTeams togetherTeam positionsShared explorationLock speedFull tech treeHidden civsTurbo modeCheats
Victory
Defeat
🇩🇪 Armenians · Germany
382
+11
🇨🇳 Vikings · China
270
-11
Governor1234
3:23 Loom
11:53 Feudal Age
12:38 Double-Bit Axe
12:36 Horse Collar
15:27 Man-at-Arms
17:28 Gold Mining
25:12 Castle Age
24:14 Forging
24:41 Scale Mail Armor
lenomat
10:40 Loom
12:25 Feudal Age
13:50 Double-Bit Axe
13:47 Horse Collar
14:00 Gold Mining
14:48 Man-at-Arms
15:14 Arson
17:59 Scale Mail Armor
18:10 Forging
17:51 Fletching
18:07 Long Swordsman
21:53 Padded Archer Armor
22:43 Wheelbarrow
25:48 Castle Age
25:57 Elite Skirmisher
26:55 Chain Mail Armor
27:16 Iron Casting
27:30 Leather Archer Armor
27:42 Gambesons
27:58 Squires
Connection lost

Rejoining the realm…

Still unreachable

The connection could not be restored.

Session expired

The server has moved on; the page needs a fresh start.